 Dungeon Crawl Stone Soup version 0.31-a0-83-gbff143cfd1 (webtiles) character file.

Game seed: 8167847463965421721

68 juan097 the Trooper (level 4, -1/40 HPs)
             Began as a Minotaur Fighter on May 24, 2023.
             Slain by an orc
             ... wielding a +0 whip
              (2 damage)
             ... on level 3 of the Dungeon.
             The game lasted 00:02:31 (1957 turns).

juan097 the Trooper (Minotaur Fighter)              Turns: 1957, Time: 00:02:32

Health: -1/40      AC:  7    Str: 23    XL:     4   Next: 1%
Magic:  3/3        EV:  9    Int:  5    God:
Gold:   144        SH:  4    Dex:  9    Spells: 3/3 levels left

rFire   . . .        b - +6 dagger of Flawed Execution {vamp, Fly Stlth+}
rCold   . . .        c - +0 buckler
rNeg    . . .        p - +0 scale mail
rPois   +            (helmet restricted)
rElec   .            f - scarf {+Inv}
rCorr   .            (no gloves)
SInv    .            (no boots)
Will    .....        (no amulet)
Stlth   +            j - ring of poison resistance
HPRegen 0.26/turn    r - ring of flight
MPRegen 0.08/turn

%: no passive effects
@: flying
A: horns 2, retaliatory headbutt
a: Evoke Invisibility


You were on level 3 of the Dungeon.
You visited 1 branch of the dungeon, and saw 3 of its levels.

You collected 144 gold pieces.

Inventory:

Hand Weapons
 a - a +0 war axe
 b - the +6 dagger of Flawed Execution (weapon) {vamp, Fly Stlth+}
   (You found it on level 2 of the Dungeon)

   Fly:       It grants you flight.
   Stlth:     It makes you more stealthy.
Armour
 c - a +0 buckler (worn)
 f - a scarf of invisibility (worn)
 p - a +0 scale mail (worn)
Jewellery
 j - a ring of poison resistance (left hand)
 r - a ring of flight (right hand)
Scrolls
 e - a scroll of teleportation {unknown}
 g - a scroll of immolation {unknown}
 h - a scroll of silence {unknown}
 i - 2 scrolls of identify {unknown}
 m - a scroll of enchant armour {unknown}
 n - a scroll of summoning {unknown}
 o - a scroll of fear {unknown}
Potions
 d - a potion of might
 k - a potion of magic {unknown}
 l - a potion of curing {unknown}
 q - a potion of brilliance {unknown}
 s - a potion of lignification {unknown}


   Skills:
 + Level 4.1 Fighting
 * Level 3.3 Axes
 + Level 4.0 Armour
 + Level 1.0 Dodging
 + Level 1.1 Stealth
 + Level 4.0 Shields


You had 3 spell levels left.
You didn't know any spells.
Your spell library contained the following spells:

 Spells                   Type           Power      Damage    Failure   Level
 Shock                    Conj/Air       0%         1d3       85%         1
 Cigotuvi's Dreadful Rot  Necr/Pois/Air  0%         N/A       94%         2
 Call Canine Familiar     Summ           0%         N/A       99%         3
 Portal Projectile        Hex/Tloc       0%         N/A       99%         3
 Swiftness                Air            0%         N/A       99%         3
 Airstrike                Air            0%         2d(0-16)  100%        4
 Dispel Undead            Necr           0%         3d6       100%        4
 Leda's Liquefaction      Hex/Erth       0%         N/A       100%        4
 Death Channel            Necr           0%         N/A       100%        6


Dungeon Overview and Level Annotations

Branches:
Dungeon (3/15)

Altars:

Annotations:
D:3 1 runed translucent door, Jeffwins's ghost, amateur OgFE


Innate Abilities, Weirdness & Mutations

You have a pair of horns on your head.
You reflexively headbutt those who attack you in melee.


Message History

No target in view!
s - a viscous ruby potion You reach down and open the door.
There is an open door here.
Jeffwins's ghost turns its malevolent gaze towards you.
You reach down and open the door.
There is an open door here.
You reach down and open the door.
There is an open door here.
Found a stone staircase leading down.
There is a stone staircase leading down here.
You reach down and open the door.
Jeffwins's ghost ripples.
You reach down and open the door.
There is an open door here.
You now have 144 gold pieces (gained 13).
There is an open door here.
There is an open door here.
An orc comes into view. It is wielding a +0 whip.
The orc shouts!
You hear a shout!
An orc wizard comes into view. It is wielding a +0 dagger.
You hear a shout! x2
There are monsters nearby!
An orc priest and 2 orcs come into view.
The orc priest shouts!
The orc wizard shouts!
The orc shouts!
The orc falls through a shaft!
The shaft crumbles and collapses.
The orc priest invokes the aid of Beogh against you.
Beogh smites you!
The orc priest calls down the wrath of Beogh upon you.
Beogh smites you!
You are too injured to fight recklessly!
You closely miss the orc. You headbutt the orc, but do no damage.
The orc priest invokes the aid of Beogh against you.
Beogh smites you!
* * * LOW HITPOINT WARNING * * *
The orc wizard mumbles some strange words.
The orc wizard flickers and vanishes!
Deactivating autopickup; reactivate with Ctrl-A.
The orc hits you with a +0 whip.
You die...

#..#W.!♣?.⌠#..# #..##.....##..#
....##...##...# .#...##⌠##...##
.##...###...## ### ##..
..##.......## ##.. ..#.
#.###.....## #.. ...#
#..####.#.#### #.# #..#
##.##........# #@# #..#
.............# #o#.......#..#
####.........# #.#.......#..#####
.......#########o#.......#......<
.......#### #..#...oo..#...####
..........## #.o#o......#...#
.......##..## #.{#○o.....#...####
)......###..# #..#.......#.......
.........##.# #.............#####


You could see an orc priest and 2 orcs.

Vanquished Creatures
  An adder (D:3)
  2 worms (D:2)
  A dart slug (D:2)
  5 orcs (D:3)
  A ball python (D:3)
  An endoplasm (D:3)
  5 giant cockroaches (D:1)
  2 goblins
  3 hobgoblins
  4 kobolds
  2 quokkas (D:3)
  7 bats
  5 frilled lizards
  8 rats
47 creatures vanquished.

Notes
Turn   | Place    | Note
-------+----------+-------------------------------------------
     0 | D:1      | juan097 the Minotaur Fighter began the quest for the Orb.
     0 | D:1      | Reached XP level 1. HP: 19/19 MP: 0/0
   203 | D:1      | Reached XP level 2. HP: 27/27 MP: 1/1
   585 | D:1      | Found a faded altar of an unknown god.
   832 | D:2      | Reached XP level 3. HP: 25/33 MP: 2/2
  1003 | D:2      | Reached skill level 1 in Stealth
  1322 | D:2      | Identified the +6 dagger of Flawed Execution {vamp, Fly
                  | Stlth+}
  1669 | D:3      | Noticed Jeffwins's ghost (amateur OgFE)
  1672 | D:3      | Found a runed translucent door.
  1710 | D:3      | Reached skill level 1 in Dodging
  1710 | D:3      | Reached XP level 4. HP: 38/40 MP: 3/3
  1957 | D:3      | HP: 1/40 [orc priest/divine providence (15)]
  1957 | D:3      | Slain by an orc

Illustrated notes

Levels and vault maps discovered:
D:1:      lightli_arrival_lavapool, layout_basic, ebering_ecumenical_altar_rust,
          minmay_worlds_worst_comb
D:2:      layout_basic
D:3:      cheibrodos_pilgrimage, layout_basic, hellmonk_ghost_happy_afterlife

Skill      XL: |  1  2  3 |
---------------+----------+-----
Axes           | 3 |  3.3
Stealth        | 1 |  1.1
Fighting       | 4 |  4.1
Armour         | 4 |  4.0
Shields        | 4 |  4.0
Dodging        | 1 |  1.0

Action                     |  1- 3 |  4- 6 || total
---------------------------+-------+-------++-------
  Melee: War axe           |    77 |       ||    77
         Headbutt          |    17 |     1 ||    18
         Dagger            |    32 |     1 ||    33
 Armour: Scale mail        |    51 |       ||    51
  Dodge: Dodged            |    60 |       ||    60
  Block: Buckler           |    24 |       ||    24

Table legend: (Time is in decaauts)
 A = Elapsed time spent in this place.
 B = Non-inter-level travel time spent in this place.
 C = Inter-level travel time spent in this place.
 D = Time resting spent in this place.
 E = Time spent auto-exploring this place.
 F = Levels seen in this place.
 G = Mean time per level.
                   A        B        C        D        E       F      G
               +--------+--------+--------+--------+--------+-----+--------+
         Total |   1986 |   1933 |     53 |      0 |   1599 |   3 |  662.0 |
       Dungeon |   1986 |   1933 |     53 |      0 |   1599 |   3 |  662.0 |
               +--------+--------+--------+--------+--------+-----+--------+

Top non-repeatable levels by time:
     D:1: 741 daAuts
     D:2: 675 daAuts
     D:3: 569 daAuts
